 Dungeon Crawl Stone Soup version 0.29-a0-221-gceb61267dd (webtiles) character file.

Game seed: 1245332673910965700

267874 Armakuni the Warrior (level 21, -2/174 HPs)
             Began as a Human Fighter on Feb 25, 2022.
             Was an Elder of the Shining One.
             Shot with a bolt by a yaktaur captain (11 damage)
             ... on level 4 of the Vaults on Feb 26, 2022.
             The game lasted 02:03:42 (40419 turns).

Armakuni the Warrior (Human Fighter)               Turns: 40419, Time: 02:03:43

Health: -2/174     AC: 40    Str: 23    XL:     21   Next: 41%
Magic:  29/32      EV: 12    Int: 27    God:    the Shining One [****..]
Gold:   1464       SH:  0    Dex: 18    Spells: 26/30 levels left

rFire   . . .      SeeInvis +   a - +7 sacred scourge (holy)
rCold   + + .      Faith    .   e - orb {*channel}
rNeg    + + .      Spirit   .   o - +8 plate armour "Jutacwuc" {rElec rC++ Str+2 Dex+3}
rPois   +          Reflect  .   b - +2 helmet of the Planets {rElec rPois Will++ Dex-4}
rElec   +          Harm     .   S - +0 cloak
rCorr   .          Rampage  .   C - +1 pair of gloves
Will    +++..                   Q - +2 pair of boots {Stlth+}
Stlth   ..........              R - amulet of regeneration
HPRegen 1.99/turn               A - +4 ring of protection
MPRegen 0.23/turn               I - ring "Ziuwkimn" {Drain rElec Int+8 Dex+6 SInv}

@: about to teleport, glowing
A: clever 1, regeneration 1, strong 1
}: 1/15 runes: gossamer
a: Renounce Religion, Divine Shield, Cleansing Flame


You were on level 4 of the Vaults.
You worshipped the Shining One.
The Shining One was greatly pleased with you.
You visited 8 branches of the dungeon, and saw 34 of its levels.
You visited the Abyss 1 time.
You also visited: Bailey and Ice Cave.

You collected 6139 gold pieces.
You spent 4675 gold pieces at shops.

Inventory:

Hand Weapons
 a - a +7 sacred scourge of holy wrath (weapon)
Missiles
 n - a curare-tipped dart (quivered)
Armour
 b - the +2 helmet of the Planets (worn) {rElec rPois Will++ Dex-4}
   (You found it on level 6 of the Dungeon)

   Dex:       It affects your dexterity (-4).
   rElec:     It insulates you from electricity.
   rPois:     It protects you from poison.
   Will:      It greatly increases your willpower.
 e - an orb of energy (worn)
 o - the +8 plate armour "Jutacwuc" (worn) {rElec rC++ Str+2 Dex+3}
   (You bought it in a shop on level 2 of the Orcish Mines)

   Str:       It affects your strength (+2).
   Dex:       It affects your dexterity (+3).
   rC:        It greatly protects you from cold.
   rElec:     It insulates you from electricity.
 C - a +1 pair of gloves (worn)
 Q - a +2 pair of boots of stealth (worn)
 S - a +0 cloak (worn)
Magical Staves
 y - a staff of earth
 Z - a staff of conjuration
Jewellery
 p - a +4 ring of evasion
 s - a ring of willpower
 A - a +4 ring of protection (left hand)
 I - the ring "Ziuwkimn" (right hand) {Drain rElec Int+8 Dex+6 SInv}
   (You bought it in a shop on level 2 of the Orcish Mines)

   [ring of dexterity]

   Int:       It affects your intelligence (+8).
   Dex:       It affects your dexterity (+6).
   rElec:     It insulates you from electricity.
   SInv:      It lets you see invisible.
   Drain:     It drains your maximum health when unequipped.
 J - a ring of protection from cold
 M - an amulet of magic regeneration
 O - a ring of ice
 R - an amulet of regeneration (around neck)
Wands
 h - a wand of flame (25)
 z - a wand of digging (11)
 H - a wand of polymorph (28)
 L - a wand of mindburst (7)
Scrolls
 c - 2 scrolls of fog
 f - a scroll of silence
 l - 4 scrolls of amnesia
 v - 5 scrolls of blinking
 x - 11 scrolls of teleportation
 B - a scroll of immolation
 D - 4 scrolls of vulnerability
 F - 2 scrolls of enchant armour
 G - 5 scrolls of noise
 T - 3 scrolls of magic mapping
 W - 3 scrolls of fear
Potions
 d - a potion of might
 k - 3 potions of cancellation
 q - 3 potions of magic
 r - 6 potions of flight
 t - 7 potions of heal wounds
 u - 5 potions of haste
 w - 3 potions of brilliance
 E - 4 potions of resistance
 P - 8 potions of curing
 U - 3 potions of mutation
 V - a potion of lignification
 Y - 5 potions of ambrosia
Miscellaneous
 m - a phantom mirror
 K - a box of beasts (inert)


   Skills:
 + Level 17.1 Fighting
 - Level 12.0 Maces & Flails
 - Level 15.0 Armour
 - Level 10.0 Dodging
 - Level 4.0 Shields
 - Level 5.0 Spellcasting
 - Level 14.1 Conjurations
 - Level 8.0 Fire Magic
 - Level 13.5 Earth Magic
 - Level 15.0 Invocations
 - Level 10.0 Evocations


You had 26 spell levels left.
You knew the following spells:

 Your Spells              Type           Power      Damage    Failure   Level
s - Sticky Flame          Conj/Fire      61%        2d8       6%          4

Your spell library contained the following spells:

 Spells                   Type           Power      Damage    Failure   Level
 Foxfire                  Conj/Fire      100%       2x1d9     1%          1
 Sandblast                Erth           100%       2d20      1%          1
 Conjure Flame            Conj/Fire      61%        6-21      1%          3
 Stone Arrow              Conj/Erth      100%       3d13      1%          3
 Scorch                   Fire           98%        2d9       3%          2
 Passwall                 Tmut/Erth      35%        N/A       6%          2
 Flame Wave               Conj/Fire      61%        2d12      6%          4
 Inner Flame              Hex/Fire       28%        N/A       34%         3
 Animate Armour           Summ/Erth      86%        N/A       36%         4
 Leda's Liquefaction      Hex/Erth       21%        N/A       36%         4
 Ignite Poison            Fire/Tmut/Pois 21%        N/A       54%         3
 Ensorcelled Hibernation  Hex/Ice        12%        N/A       67%         2
 Call Canine Familiar     Summ           6%         N/A       88%         3
 Ozocubu's Armour         Ice            6%         N/A       88%         3
 Portal Projectile        Hex/Tloc       12%        N/A       88%         3
 Swiftness                Air            6%         N/A       88%         3
 Tukima's Dance           Hex            6%         N/A       88%         3
 Passage of Golubria      Tloc           6%         N/A       99%         4
 Summon Ice Beast         Ice/Summ       6%         N/A       99%         4
 Metabolic Englaciation   Hex/Ice        3%         N/A       100%        5
 Silence                  Hex/Air        3%         N/A       100%        5
 Summon Forest            Summ/Tloc      3%         N/A       100%        5
 Summon Mana Viper        Hex/Summ       6%         N/A       100%        5
 Yara's Violent Unravell  Hex/Tmut       3%         3d4       100%        5
 Simulacrum               Ice/Necr       3%         N/A       100%        6
 Summon Cactus Giant      Summ           3%         N/A       100%        6
 Monstrous Menagerie      Summ           3%         N/A       100%        7
 Ozocubu's Refrigeration  Ice            3%         4d5       100%        7
 Lehudib's Crystal Spear  Conj/Erth      34%        10d9      100%        8


Dungeon Overview and Level Annotations

Branches:
Dungeon (15/15)            Temple (1/1) D:4            Lair (6/6) D:8
 Shoals (1/4) Lair:4       Spider (4/4) Lair:3        Slime (0/5) Lair:5
    Orc (2/2) D:9             Elf (0/3) Orc:2        Vaults (4/5) D:13
  Crypt (0/3) Vaults:3     Depths (1/4) D:15         Bailey (visited)
  IceCv (visited)

Altars:
Ashenzari
Cheibriados
Dithmenos
Elyvilon
Fedhas
Gozag
Hepliaklqana
Kikubaaqudgha
Makhleb
Nemelex Xobeh
Okawaru
Qazlal
Ru
Sif Muna
Trog
Uskayaw
Vehumet
Wu Jian
Xom
Yredelemnul
Zin
The Shining One
Beogh
Jiyva
Lugonu

Shops:
D:5 *   D:10 =   D:13 *   D:14 =   Orc:2 ?=[[(   Vaults:1 :   Vaults:2 [
Depths:1 *

Portals:
Abyss: Lair:1

Annotations:
Shoals:1 Josephine
Vaults:2 2 transporters, Seel's ghost, adept TrTm


Innate Abilities, Weirdness & Mutations

Your mind is acute. (Int +2)
Your natural rate of healing is unusually fast.
Your muscles are strong. (Str +2)


Message History

The yaktaur captain hits you with the +0 war axe "Fufum" {vorpal, *Rage rPois Dex+4 Stlth+}!
You whack the yaktaur captain!
The yaktaur captain is moderately wounded.
The yaktaur captain burns!
The yaktaur captain hits you with the +0 war axe "Fufum" {vorpal, *Rage rPois Dex+4 Stlth+}!
You thrash the yaktaur captain!!
The yaktaur captain is heavily wounded.
You thrash the yaktaur captain!!
The yaktaur captain is severely wounded.
The yaktaur captain burns!
The yaktaur captain hits you with the +0 war axe "Fufum" {vorpal, *Rage rPois Dex+4 Stlth+}.
You thrash the yaktaur captain!!
The yaktaur captain is almost dead.
The yaktaur captain hits you but does no damage.
You whack the yaktaur captain!
You kill the yaktaur captain!
The yaktaur captain is recalled.
The fire giant is recalled.
The wizard is recalled.
A fire giant comes into view.
It is wielding a +1 great sword of flaming.
A wizard comes into view. It is wielding a +0 dagger.
The wizard casts a spell at you.
The fireball explodes!
The fireball engulfs the fire giant.
The fire giant completely resists.
The fireball engulfs you!!!
A yaktaur captain comes into view.
A vault warden comes into view. It is wielding a +0 long sword.
A stone giant comes into view.
You hear a deafening roar!
The fire giant casts a spell at you. The bolt of fire misses you.
Things that are here:
the +0 war axe "Fufum" {vorpal, *Rage rPois Dex+4 Stlth+}; a +0 arbalest
Okay, then.
As you read the scroll of teleportation, it crumbles to dust.
You feel strangely unstable.
The fire giant points at you and mumbles some strange words.
The fireball explodes!
The fireball engulfs you!!!
* * * LOW HITPOINT WARNING * * *
The yaktaur captain wields a +0 arbalest of freezing.
It is covered in frost.
The yaktaur captain shoots a bolt.
The bolt hits you!
You die...

###..## ...# #.##..##
C.#
#########..##..##'##.
#.......#...'........
#.......#...'..p.#
#.......'..##..p##
#.......#.##..cC#
#.......###.....##
#..[....#.......@#
#.......#...#''#.......#
'.......#..##..##.....##
#.......#..#.... .....#
#.......#..#.... .....#
#.......#############'#
#.......'...............
#.......'...............
#.......#.............


You could see a fire giant, a vault warden, a yaktaur captain and a wizard.

Vanquished Creatures
  Saint Roka (Vaults:3)
  The ghost of Flippered the Crack Shot, an adept MiHu of Makhleb (Vaults:1)
  A lich (Vaults:3)
  2 tentacled monstrosities (Vaults:2)
  2 sphinxes
  Asterion (Spider:1)
  Agnes (Spider:1)
  Kirke (Lair:5)
  A shadow dragon (Vaults:4)
  The ghost of Wopnel the Fighter, an adept DsVM of Vehumet (Spider:4)
  7 emperor scorpions
  4 ghost moths
  2 orc warlords
  A deep elf sorcerer (Vaults:2)
  10 vault wardens
  A cacodemon (Vaults:2)
  2 broodmothers
  3 war gargoyles
  15 ironbound preservers
  5 very ugly things (Vaults:2)
  6 ironbound thunderhulks
  2 stone giants
  3 dire elephants (Vaults:1)
  2 spark wasps
  2 entropy weavers
  8 yaktaur captains
  3 crystal guardians (Vaults:3)
  7 boulder beetles
  13 vault guards
  4 great orbs of eyes
  9 hydras
  Erolcha (D:11)
  13 ironbound frosthearts
  3 peacekeepers (Vaults:3)
  A radroach (Spider:3)
  An ice dragon (Lair:6)
  2 jorogumos
  Fannar (Orc:2)
  15 centaur warriors
  2 ogre magi
  A death scarab (Spider:3)
  11 two-headed ogres
  7 death yaks
  2 spectral emperor scorpions (Spider:4)
  3 orc high priests (Orc:2)
  4 tengu warriors (D:15)
  Urug (Lair:5)
  2 skeletal warriors (D:11)
  Amaemon (D:11)
  4 spectral ghost moths (Spider:4)
  A sun moth (Spider:3)
  9 pharaoh ants
  A large abomination (Abyss:4)
  4 orb spiders
  10 steelbarb worms
  33 deep trolls
  An orange crystal statue (Vaults:3)
  A glowing orange brain (Vaults:2)
  17 ironbound convokers
  2 phantasmal warriors (Vaults:3)
  5 lindwurms
  6 wizards
  5 necromancers
  A spectral broodmother (Spider:4)
  9 orc knights
  A harpy (shapeshifter) (D:14)
  9 orc sorcerers
  16 wolf spiders
  25 ugly things
  A moth of wrath (Spider:3)
  A cyclops (Orc:2)
  A cyclops (shapeshifter) (D:14)
  A moth of wrath (shapeshifter) (D:12)
  2 manticores
  3 fauns (Shoals:1)
  Maurice (D:9)
  4 elephants (Lair:4)
  A merfolk siren (Lair:4)
  2 rust devils (D:5)
  9 black mambas
  A guardian serpent (Lair:6)
  17 vault sentinels
  7 torpor snails
  3 gargoyles
  21 cane toads
  An orange demon (D:11)
  An emperor scorpion simulacrum (Spider:4)
  A water nymph (Shoals:1)
  An ice statue (IceCv)
  14 yaktaurs
  Maggie (D:9)
  A rime drake (shapeshifter) (D:12)
  10 demonic crawlers
  2 kobold demonologists (D:13)
  4 komodo dragons
  An unseen horror (D:13)
  A freezing wraith (Vaults:3)
  A troll (shapeshifter) (D:13)
  7 trolls
  A wind drake (Shoals:1)
  13 meliai
  3 tyrant leeches (Lair:6)
  9 hornets (Lair:6)
  2 merfolk (Shoals:1)
  10 polar bears (IceCv)
  Grinder (D:3)
  2 broodmother simulacra (Spider:4)
  23 tarantellas
  4 blink frogs (Lair:1)
  A jorogumo simulacrum (Spider:4)
  25 slime creatures
  The ghost of anonymous the Shooter, an amateur DEHu (D:6)
  15 culicivoras
  Sigmund (D:2)
  32 jumping spiders
  2 shadows
  2 wraiths
  2 vampires
  17 wyverns
  78 yaks
  4 basilisks
  20 humans (D:13)
  2 steam dragons
  A small abomination (Abyss:4)
  Menkaure (D:5)
  5 vampire mosquitoes
  Grum (D:10)
  39 redbacks
  4 wargs
  25 water moccasins
  32 orc warriors
  Duvessa (D:5)
  An ettin simulacrum (Abyss:4)
  A sky beast (D:4)
  17 ogres
  2 black bears
  3 ice beasts
  34 wolves
  2 necrophages (D:4)
  8 centaurs
  Blork the orc (D:5)
  7 kobold brigands
  8 bullfrogs
  4 gnoll sergeants
  4 scorpions
  Dowan (D:5)
  21 killer bees
  4 howler monkeys
  A lava snake (Lair:3)
  4 hounds
  18 orc priests
  Crazy Yiuf (D:2)
  A gnoll shaman (Bailey)
  Jessica (D:2)
  5 iguanas
  Ijyb (D:5)
  Natasha (D:3)
  18 orc wizards
  5 hell rats (Lair:6)
  Robin (D:3)
  8 adders
  26 gnolls
  An ufetubus (D:5)
  A worm (D:2)
  3 dart slugs
  78 orcs
  11 bats
  7 endoplasms
  8 giant cockroaches
  8 hobgoblins
  13 jackals
  22 kobolds
  10 quokkas
  A quokka (shapeshifter) (Vaults:3)
  4 ball pythons
  2 frilled lizards
  17 goblins
  3 rats
1250 creatures vanquished.

Vanquished Creatures (collateral kills)
  A tengu reaver (Vaults:3)
  2 emperor scorpions (Spider:4)
  A vault warden (Vaults:3)
  A broodmother (Spider:3)
  A merfolk avatar (Shoals:1)
  3 skeletal warriors (D:11)
  A wizard (Vaults:3)
  2 ironbound convokers (Vaults:3)
  5 yaktaurs (Vaults:3)
  A shadow (D:11)
  A killer bee (D:8)
  3 orcs
22 creatures vanquished.

Vanquished Creatures (others)
  A wolf spider (Spider:4)
  A tarantella (Spider:4)
  A yak (IceCv)
  A redback (Spider:4)
  A water moccasin (D:8)
  8 killer bees
  An orc priest (Orc:2)
  An orc wizard (Orc:2)
  An orc (Orc:2)
  4 bushes (D:8)
  39 fungi
  A lurking horror (Lair:1)
  117 plants
  4 withered plants (D:1)
181 creatures vanquished.

Grand Total: 1453 creatures vanquished

Notes
Turn   | Place    | Note
-------+----------+-------------------------------------------
     0 | D:1      | Armakuni the Human Fighter began the quest for the Orb.
     0 | D:1      | Reached XP level 1. HP: 18/18 MP: 1/1
   257 | D:1      | Reached XP level 2. HP: 18/24 MP: 2/2
   582 | D:1      | Reached skill level 1 in Dodging
   644 | D:1      | Reached XP level 3. HP: 29/29 MP: 3/3
   880 | D:1      | Found a faded altar of an unknown god.
  1270 | D:2      | Noticed Jessica
  1441 | D:2      | Killed Jessica
  1442 | D:2      | Reached XP level 4. HP: 35/35 MP: 4/4
  1644 | D:2      | Noticed Sigmund
  1646 | D:2      | Killed Sigmund
  1647 | D:2      | Reached skill level 4 in Fighting
  1647 | D:2      | Reached XP level 5. HP: 42/42 MP: 5/5
  1647 | D:2      | Reached XP level 6. HP: 48/48 MP: 6/6
  1693 | D:2      | Found a runed translucent door.
  1694 | D:2      | Noticed Crazy Yiuf
  1708 | D:2      | Killed Crazy Yiuf
  1725 | D:2      | Identified the +7 mace of Woe {vorpal, rElec Int+3 Stlth+}
  2466 | D:3      | Noticed Robin
  2491 | D:3      | Killed Robin
  2973 | D:3      | Noticed Natasha
  2978 | D:3      | Killed Natasha
  2979 | D:3      | Reached XP level 7. HP: 55/55 MP: 7/7
  3066 | D:3      | Noticed Grinder
  3075 | D:3      | Killed Grinder
  3076 | D:3      | Reached skill level 5 in Fighting
  3076 | D:3      | Reached skill level 5 in Armour
  3599 | D:4      | Found a staircase to the Ecumenical Temple.
  3620 | Temple   | Entered the Ecumenical Temple
  3759 | D:4      | Reached skill level 1 in Evocations
  3768 | D:4      | Reached XP level 8. HP: 56/63 MP: 8/8
  4281 | D:5      | Entered Level 5 of the Dungeon
  4281 | D:5      | Noticed Blork the orc
  4281 | D:5      | Found Goismeos's General Store.
  4290 | D:5      | Killed Blork the orc
  4302 | D:5      | Bought a scroll of blinking for 112 gold pieces
  4325 | D:5      | Reached skill level 6 in Fighting
  4333 | D:5      | Noticed Menkaure
  4343 | D:5      | Killed Menkaure
  4357 | D:5      | Noticed Dowan
  4383 | D:5      | Noticed Duvessa
  4439 | D:5      | Killed Duvessa
  4440 | D:5      | Reached skill level 7 in Fighting
  4440 | D:5      | Reached XP level 9. HP: 54/72 MP: 9/9
  4440 | D:5      | Killed Dowan
  4526 | D:5      | Reached skill level 5 in Evocations
  4891 | D:5      | Noticed Ijyb
  4900 | D:5      | Paralysed by Ijyb for 2 turns
  4903 | D:5      | Killed Ijyb
  5147 | D:6      | Reached skill level 8 in Fighting
  5326 | D:5      | Noticed a rust devil
  5326 | D:5      | Noticed a rust devil
  5451 | D:6      | Found a runed translucent gate.
  5451 | D:6      | Noticed anonymous's ghost (amateur DEHu)
  5452 | D:6      | Found a runed translucent gate.
  5452 | D:6      | Identified the +1 chain mail of Duty {Harm +Blink Dex-5
                  | Slay+6}
  5453 | D:6      | Found a runed translucent gate.
  6609 | D:7      | Reached skill level 9 in Fighting
  6699 | D:7      | Found a flagged portal.
  6714 | Bailey   | Entered a bailey
  6952 | Bailey   | Gained mutation: Your muscles are strong. (Str +2) [potion
                  | of mutation]
  6952 | Bailey   | Gained mutation: Your natural rate of healing is unusually
                  | fast. [potion of mutation]
  6952 | Bailey   | Gained mutation: Your mind is acute. (Int +2) [potion of
                  | mutation]
  6961 | Bailey   | Reached XP level 10. HP: 69/83 MP: 10/10
  7212 | D:7      | Learned a level 4 spell: Sticky Flame
  7213 | D:7      | You fall into a shaft and drop 1 floor!
  7216 | D:8      | Noticed a two-headed ogre
  7398 | D:8      | Reached skill level 10 in Fighting
  7718 | D:7      | Found an ornate altar of the Wu Jian Council.
  7850 | D:6      | Killed anonymous's ghost
  7902 | D:6      | Identified the +2 helmet of the Planets {rElec rPois Will++
                  | Dex-4}
  8295 | D:8      | Reached skill level 10 in Armour
  8337 | D:8      | Reached XP level 11. HP: 41/90 MP: 11/11
  8398 | D:8      | Killed a two-headed ogre
  8399 | D:8      | Reached skill level 5 in Maces & Flails
  8497 | D:8      | Found a staircase to the Lair.
  8857 | D:9      | Noticed Maurice
  8864 | D:9      | Killed Maurice
  9289 | D:9      | Noticed Maggie
  9312 | D:9      | Killed Maggie
  9313 | D:9      | Reached skill level 5 in Dodging
  9670 | D:9      | Noticed a centaur warrior
  9682 | D:9      | Killed a centaur warrior
  9825 | D:9      | Found a staircase to the Orcish Mines.
 10149 | D:10     | Entered Level 10 of the Dungeon
 10306 | D:10     | Noticed Grum
 10312 | D:10     | Killed Grum
 10352 | D:10     | Reached XP level 12. HP: 39/97 MP: 12/12
 10410 | D:10     | Noticed a boulder beetle
 10428 | D:10     | Killed a boulder beetle
 10711 | D:10     | Found Fohint's Jewellery Shoppe.
 10923 | D:10     | Reached skill level 10 in Dodging
 11073 | D:11     | Noticed Amaemon
 11100 | D:11     | Killed Amaemon
 11104 | D:11     | Noticed Erolcha
 11109 | D:11     | Noticed a skeletal warrior
 11110 | D:11     | Noticed a skeletal warrior
 11146 | D:11     | Killed a skeletal warrior
 11147 | D:11     | Reached skill level 11 in Fighting
 11151 | D:11     | Killed a skeletal warrior
 11163 | D:11     | Noticed a skeletal warrior
 11170 | D:11     | Killed a skeletal warrior
 11293 | D:11     | Noticed a skeletal warrior
 11316 | D:11     | Killed a skeletal warrior
 11367 | D:11     | Killed Erolcha
 11368 | D:11     | Reached skill level 12 in Fighting
 11494 | D:11     | Noticed a centaur warrior
 11496 | D:11     | Noticed a two-headed ogre
 11506 | D:11     | Killed a two-headed ogre
 11516 | D:11     | Killed a centaur warrior
 11670 | D:11     | Noticed a skeletal warrior
 11683 | D:11     | Killed a skeletal warrior
 11684 | D:11     | Reached skill level 13 in Fighting
 11684 | D:11     | Reached XP level 13. HP: 82/111 MP: 13/13
 12085 | Temple   | Became a worshipper of the Shining One
 12461 | D:12     | Reached skill level 1 in Invocations
 12832 | D:12     | Reached skill level 5 in Invocations
 12981 | D:12     | Noticed a boulder beetle
 13000 | D:12     | Killed a boulder beetle
 13361 | D:13     | Found Nierui's Assorted Antiques.
 13373 | D:13     | Bought a scroll labelled ATWYPPOLLI for 34 gold pieces
 13513 | D:13     | Reached * piety under the Shining One
 14035 | D:13     | Found a gate to the Vaults.
 14035 | D:13     | Noticed a vault guard
 14072 | D:13     | Killed a vault guard
 14162 | D:13     | Reached ** piety under the Shining One
 14327 | D:13     | Reached XP level 14. HP: 51/118 MP: 20/20
 14957 | D:14     | Reached skill level 10 in Invocations
 14964 | D:14     | Reached skill level 10 in Maces & Flails
 15047 | D:14     | Found Kez Duos's Jewellery Shoppe.
 15054 | D:14     | Bought an amulet of regeneration for 330 gold pieces
 15137 | D:14     | Found a shadowy altar of Dithmenos.
 15328 | D:15     | Entered Level 15 of the Dungeon
 15615 | D:15     | HP: 4/118 [boulder beetle (54)]
 15682 | D:15     | Noticed a stone giant
 15684 | D:15     | Found a staircase to the Depths.
 15699 | D:15     | Killed a stone giant
 15796 | D:15     | Reached *** piety under the Shining One
 15973 | D:15     | Identified the +0 leather armour of the Elven Halls {Int+4}
 16346 | Lair:1   | Entered Level 1 of the Lair of Beasts
 16507 | Lair:1   | Reached XP level 15. HP: 124/124 MP: 20/24
 16654 | Lair:1   | Found a one-way gate to the infinite horrors of the Abyss.
 16655 | Lair:1   | Found a corrupted altar of Lugonu.
 18702 | Lair:3   | Found a hole to the Spider Nest.
 19601 | Lair:4   | Reached skill level 15 in Invocations
 19634 | Lair:4   | Reached skill level 1 in Conjurations
 19872 | Lair:4   | Found a staircase to the Shoals.
 20041 | Lair:5   | Noticed Urug
 20099 | Lair:5   | Killed Urug
 20168 | Lair:5   | Noticed Kirke
 20183 | Lair:5   | Killed Kirke
 20256 | Lair:5   | Found a frozen archway.
 20265 | IceCv    | Entered an ice cave
 20352 | IceCv    | Reached skill level 5 in Conjurations
 20690 | IceCv    | Reached XP level 16. HP: 131/131 MP: 27/27
 20917 | IceCv    | Reached **** piety under the Shining One
 21331 | Lair:5   | Found a viscous altar of Jiyva.
 21339 | Lair:5   | Found a staircase to the Slime Pits.
 21788 | Lair:6   | Entered Level 6 of the Lair of Beasts
 21885 | Lair:6   | Identified the ring of Bakhoj {*Corrode *Slow Fly rC+
                  | Int+6}
 22395 | Lair:6   | Reached skill level 10 in Conjurations
 22568 | Lair:6   | Found a runed translucent door.
 23482 | Lair:6   | Upgraded the game from 0.29-a0-219-g0a02b1cf4f to
                  | 0.29-a0-221-gceb61267dd
 23635 | D:5      | Identified the +7 scimitar "Suklaisk" {flame, Fragile rC+++
                  | Will+}
 23765 | Orc:1    | Entered Level 1 of the Orcish Mines
 23767 | Orc:1    | You fall into a shaft and drop 1 floor!
 23767 | Orc:2    | Entered Level 2 of the Orcish Mines
 23987 | Orc:1    | Noticed Fannar
 24015 | Orc:2    | Killed Fannar
 25150 | Orc:2    | Reached XP level 17. HP: 137/137 MP: 28/28
 25227 | Orc:2    | Found Yddaomic's Antique Weapon Emporium.
 25231 | Orc:2    | Found a staircase to the Elven Halls.
 25407 | Orc:2    | Found Vujoxoha's Antique Armour Shop.
 25407 | Orc:2    | Found Suawiom's Magic Scroll Emporium.
 25409 | Orc:2    | Found Goruv's Antique Armour Shop.
 25409 | Orc:2    | Found Hoerr's Jewellery Emporium.
 25420 | Orc:2    | Bought a scroll of enchant weapon for 112 gold pieces
 25425 | Orc:2    | Bought the ring "Ziuwkimn" {Drain rElec Int+8 Dex+6 SInv}
                  | for 879 gold pieces
 25432 | Orc:2    | Bought a heavily runed helmet for 180 gold pieces
 25432 | Orc:2    | Identified the +2 helmet of Quantum Leap {rElec rN++} (You
                  | bought it in a shop on level 2 of the Orcish Mines)
 25435 | Orc:2    | Bought a crude plate armour for 532 gold pieces
 25435 | Orc:2    | Identified the +1 plate armour "Olips" {rF+ Int+4 Dex+4}
                  | (You bought it in a shop on level 2 of the Orcish Mines)
 25825 | Orc:2    | Bought a masterwork plate armour for 896 gold pieces
 25825 | Orc:2    | Identified the +8 plate armour "Jutacwuc" {rElec rC++ Str+2
                  | Dex+3} (You bought it in a shop on level 2 of the Orcish
                  | Mines)
 26146 | Spider:1 | Entered Level 1 of the Spider Nest
 26195 | Spider:1 | Noticed Asterion
 26211 | Spider:1 | Killed Asterion
 26214 | Spider:1 | Noticed Agnes
 26241 | Spider:1 | HP: 5/137 [Agnes/+6 lajatang of speed (6)]
 26242 | Spider:1 | Killed Agnes
 26995 | Spider:1 | Reached skill level 1 in Fire Magic
 27086 | Spider:1 | Reached ***** piety under the Shining One
 27532 | Spider:2 | Learned a level 1 spell: Foxfire
 27765 | Spider:2 | Reached skill level 5 in Fire Magic
 27769 | Spider:2 | Reached skill level 1 in Spellcasting
 28685 | Spider:3 | Reached skill level 5 in Spellcasting
 29170 | Spider:3 | Reached XP level 18. HP: 144/144 MP: 29/29
 29322 | Spider:3 | Identified the +3 leather armour of the Moneychanger
                  | {Regen+ Str+4 Int-5}
 29670 | Spider:4 | Entered Level 4 of the Spider Nest
 30536 | Spider:4 | Identified the +2 robe of the Pit {rF- Dex+5}
 31284 | Spider:4 | Paralysed by a jorogumo for 3 turns
 31387 | Spider:4 | Found a runed translucent gate.
 31387 | Spider:4 | Found a runed translucent gate.
 31387 | Spider:4 | Found a runed translucent gate.
 31387 | Spider:4 | Noticed Wopnel's ghost (adept DsVM)
 31530 | Spider:4 | Killed Wopnel's ghost
 31950 | Spider:4 | Got a gossamer rune of Zot
 32154 | Shoals:1 | Entered Level 1 of the Shoals
 32252 | Shoals:1 | Noticed Josephine
 32605 | Depths:1 | Entered Level 1 of the Depths
 32605 | Depths:1 | Found Ytat's Assorted Antiques.
 32693 | Vaults:1 | Entered Level 1 of the Vaults
 32698 | Vaults:1 | Identified a scroll of acquirement
 32921 | Vaults:1 | Acquired 1090 gold pieces
 33032 | Vaults:1 | Reached XP level 19. HP: 136/150 MP: 20/30
 33628 | Vaults:1 | Reached skill level 15 in Armour
 34477 | Vaults:1 | Reached ****** piety under the Shining One
 34815 | Vaults:1 | Acquired 685 gold pieces
 34817 | Vaults:1 | Identified a +7 sacred scourge of holy wrath (a +5 demon
                  | whip of venom blessed by the Shining One)
 34817 | Vaults:1 | Received a gift from the Shining One
 34943 | Vaults:1 | Found Jymn's Book Emporium.
 34952 | Vaults:1 | Bought a manual of Earth Magic for 1600 gold pieces
 35055 | Vaults:1 | Found a large runed translucent door.
 35055 | Vaults:1 | Found a large runed translucent door.
 35056 | Vaults:1 | Noticed Flippered's ghost (adept MiHu)
 35094 | Vaults:1 | Killed Flippered's ghost
 35095 | Vaults:1 | Reached skill level 1 in Earth Magic
 35138 | Vaults:2 | Noticed a tentacled monstrosity
 35149 | Vaults:2 | Noticed Seel's ghost (adept TrTm)
 35151 | Vaults:2 | Found a transporter.
 35168 | Vaults:2 | Noticed a tentacled monstrosity
 35175 | Vaults:2 | Found a transporter.
 35711 | Vaults:2 | Reached skill level 5 in Earth Magic
 35771 | Vaults:2 | Reached skill level 10 in Evocations
 36070 | Vaults:2 | Reached XP level 20. HP: 123/157 MP: 15/31
 36081 | Vaults:2 | Reached skill level 10 in Earth Magic
 36510 | Vaults:2 | Found Nuewees's Armour Boutique.
 36759 | Vaults:2 | Killed a tentacled monstrosity
 36759 | Vaults:2 | Cast into level 4 of the Abyss (vault warden)
 36824 | Vaults:2 | Escaped the Abyss
 36839 | Vaults:2 | Killed a tentacled monstrosity
 37116 | Vaults:3 | Identified the +0 chain mail "Neomac" {rF+ rC- Str+2
                  | Slay+2}
 37778 | Vaults:3 | Reached skill level 14 in Fighting
 38013 | Vaults:3 | Found a transporter.
 38025 | Vaults:3 | Found a transporter.
 38082 | Vaults:3 | Identified the +1 chain mail "Diadyis" {rPois Str+3 Dex+4}
 38216 | Vaults:3 | Found a staircase to the Crypt.
 38216 | Vaults:3 | Found an ancient bone altar of Kikubaaqudgha.
 38216 | Vaults:3 | Found a basalt altar of Yredelemnul.
 38235 | Vaults:3 | Noticed Saint Roka
 38404 | Vaults:3 | Reached skill level 15 in Fighting
 38428 | Vaults:3 | Killed Saint Roka
 39069 | Vaults:3 | Reached XP level 21. HP: 169/169 MP: 29/32
 39487 | Vaults:4 | Reached skill level 16 in Fighting
 40282 | Vaults:4 | Reached skill level 17 in Fighting
 40406 | Vaults:4 | Identified the +0 war axe "Fufum" {vorpal, *Rage rPois
                  | Dex+4 Stlth+}
 40419 | Vaults:4 | Shot with a bolt by a yaktaur captain

Illustrated notes

Levels and vault maps discovered:
D:1:      dpeg_arrival_water_fire, layout_loops_corners,
          ebering_ecumenical_altar_petrified, minmay_nonomino_d4
D:2:      minmay_thinvault, layout_rooms, uniq_sigmund, uniq_jessica,
          uniq_crazy_yiuf_cottage
D:3:      layout_loops_corners, uniq_natasha, uniq_grinder, uniq_robin
D:4:      layout_rooms, temple_fountains
D:5:      cheibrodos_iron_armory, layout_rooms, serial_shops,
          nicolae_shop_temple_entry_statues_fountains, uniq_blork_the_orc,
          uniq_duvessa, uniq_ijyb, uniq_menkaure
D:6:      layout_gridville, biasface_ghost_orc_armoury
D:7:      layout_loops_ring, lemuel_doored_altar, enter_bailey_3
D:8:      layout_loops_cross, minmay_lair_entry_grove,
          nicolae_straight_to_the_point
D:9:      layout_stronghold, david_orc_1_choice, eino_tiny_chamber,
          uniq_maurice, uniq_maggie
D:10:     layout_stronghold, serial_shops, nicolae_shop_waterfront,
          nzn_sisyphean_effort, uniq_grum
D:11:     layout_loops_ring, uniq_amaemon, uniq_erolcha
D:12:     layout_irregular_city
D:13:     layout_stronghold, grunt_vaults_entry_tiered, serial_shops,
          nicolae_shop_overgrown_old_shop
D:14:     layout_cave_pools, serial_shops, shop, nicolae_dithmenos_the_darkroom
D:15:     grunt_enter_depths_snipers, layout_cave_pools, chequers_avenue
Temple:   compressed_dpeg_circular_temple
Lair:1:   layout_cave_pods, gauntlet_entry_generic,
          amcnicky_altar_lugonu_corruption
Lair:2:   layout_chaotic_city
Lair:3:   layout_gridlike, dummy_spider_entry
Lair:4:   layout_regular_city, minmay_shoals_entry_lonely_mermaid,
          grunt_megastairs_2
Lair:5:   layout_loops_ring, slime_altar_1, portal_ice_cave_entry_pillars_2,
          uniq_urug, uniq_kirke
Lair:6:   hangedman_lair_tendril_chambers, layout_cave_pods, wormcave
Shoals:1: layout_shoals, uniq_roxanne, uniq_josephine
Spider:1: layout_cave_pods, uniq_asterion, uniq_agnes
Spider:2: layout_spider_delve, hangedman_spider_tarantella_strand
Spider:3: nicolae_spider_hilbert_zone_4 [nicolae_spider_hilbert_4_sides_2_open,
          nicolae_spider_hilbert_4_sides_1_open,
          nicolae_spider_hilbert_4_sides_1_open,
          nicolae_spider_hilbert_4_sides_1_open,
          nicolae_spider_hilbert_4_sides_1_open,
          nicolae_spider_hilbert_2_sides_1_open,
          nicolae_spider_hilbert_2_sides_1_open,
          nicolae_spider_hilbert_2_sides_1_open,
          nicolae_spider_hilbert_2_sides_1_open,
          nicolae_spider_hilbert_6_sides_1_open,
          nicolae_spider_hilbert_6_sides_1_open,
          nicolae_spider_hilbert_3_sides_1_open,
          nicolae_spider_hilbert_3_sides_1_open]
Spider:4: grunt_spider_rune_circles, gammafunk_ghost_necromancy
Orc:1:    layout_caves, mines2_david, uniq_fannar
Orc:2:    grunt_orc_tribal_feast, layout_diamond_mine, serial_shops, shop,
          basic_altar, special_room
Vaults:1: ebering_ghost_disaster_area, vaults_dpeg_cross, vaults_dpeg_spiral,
          v_misc_10, grunt_vaults_bifocal, hangedman_vaults_pinch,
          hangedman_vaults_snaps, grunt_vaults_trifunnel,
          nicolae_vaults_little_squares_3, hangedman_vaults_maws,
          vaults_room_stairs_pillars, vaults_standard_mumra_x,
          layout_vaults_omnicross, serial_shops, nicolae_shop_window_shopping
Vaults:2: gammafunk_ghost_abyssal_escape, vaults_dpeg_doors,
          hangedman_vaults_variations, grunt_vaults_funnel, v_alt_pattern_6,
          vaults_room_guarded_vault, nicolae_vaults_little_squares_4,
          ontoclasm_vaults_gateway, vaults_room_door_hall,
          nicolae_vaults_rhombus_5, nicolae_vaults_mini_display_case,
          layout_vaults_omnigrid, serial_shops, shop
Vaults:3: vaults_room_semicircle, vaults_mumra_minichess_inversion,
          gammafunk_sealed_arena, nicolae_vaults_network_s,
          vaults_standard_mumra_enter_the_diamond,
          nicolae_vaults_stairing_the_circle, vaults_room_octagon,
          minmay_crypt_entry_necro_gods, ontoclasm_vaults_pinch, v_rooms_6,
          v_misc_22, ontoclasm_vaults_misaligned, v_pattern_5,
          layout_vaults_maze, uniq_saint_roka
Vaults:4: nicolae_vaults_little_ls, st_octagons_1, hangedman_vaults_cutoff,
          nicolae_vaults_back_hallway, v_misc_17, v_misc_3,
          nicolae_vaults_three_branches, v_pattern_3,
          nicolae_vaults_circle_grid_b, dpeg_vaults_monster_box,
          hangedman_vaults_trim, nicolae_vaults_shelves_hall, layout_vaults_ring
Depths:1: layout_basic, enter_ziggurat_f, marbit_kobold_abyss_entry,
          grunt_hell_entry_dis_mu, serial_shops, nicolae_shop_trees, shop,
          kennysheep_little_box, minmay_statues_item, kennysheep_cluttered_room,
          serial_sigils_hangedman_writhe, nicolae_gozag_zags_fifth_avenue,
          serial_bayou_shore_b, firewood_loft

Skill      XL: |  1  2  3  4  5  6  7  8  9 10 11 12 13 14 15 16 17 18 19 20 21 |
---------------+----------------------------------------------------------------+-----
Dodging        | 1 2 3 4 8 10 | 10.0
Fighting       | 4 5 7 9 10 13 15 17 | 17.1
Armour         | 4 5 6 10 14 15 | 15.0
Shields        | 4 |  4.0
Evocations     | 1 4 5 10 | 10.0
Maces & Flails | 4 7 9 11 12 | 12.0
Invocations    | 9 12 15 | 15.0
Conjurations   | 6 12 14 | 14.1
Fire Magic     | 6 8 |  8.0
Spellcasting   | 5 |  5.0
Earth Magic    | 9 13 | 13.5

Action                   |  1- 3 |  4- 6 |  7- 9 | 10-12 | 13-15 | 16-18 | 19-21 || total
-------------------------+-------+-------+-------+-------+-------+-------+-------++-------
Melee: Flail             |   105 |    11 |       |       |       |       |       ||   116
       Mace              |       |    78 |   250 |   652 |  1486 |  2321 |   239 ||  5026
       Sacred scourge    |       |       |       |       |       |       |   995 ||   995
Throw: Javelin           |     2 |       |     9 |       |       |       |       ||    11
       Dart              |       |       |     6 |    13 |    19 |    25 |     4 ||    67
       Throwing net      |       |       |       |     2 |       |    10 |       ||    12
 Cast: Sticky Flame      |       |       |       |       |       |    25 |   123 ||   148
Invok: Divine Shield     |       |       |       |       |    10 |    11 |    14 ||    35
       Cleansing Flame   |       |       |       |       |       |    30 |    26 ||    56
       Brand Weapon With |       |       |       |       |       |       |     1 ||     1
Evoke: Wand              |       |     4 |    13 |    28 |    13 |    29 |    10 ||    97
       Phantom mirror    |       |       |       |       |     1 |     3 |     4 ||     8
       Box of beasts     |       |       |       |       |       |       |     2 ||     2
  Use: Scroll            |     2 |     4 |     5 |    12 |     7 |    12 |     5 ||    47
       Potion            |       |     1 |     5 |     1 |     4 |    12 |     2 ||    25
 Stab: Paralysed         |       |       |     3 |     6 |     5 |       |       ||    14
       Sleeping          |       |       |       |     3 |       |       |       ||     3
Armor: Scale mail        |    79 |    50 |   209 |   138 |       |       |       ||   476
       Skin              |       |       |     4 |     9 |       |       |       ||    13
       Leather armour    |       |       |       |    78 |       |       |       ||    78
       Troll leather arm |       |       |       |   161 |   601 |   190 |       ||   952
       Steam dragon scal |       |       |       |    28 |       |       |       ||    28
       Quicksilver drago |       |       |       |       |       |   249 |       ||   249
       Plate armour      |       |       |       |       |       |  1453 |   695 ||  2148
Dodge: Dodged            |    78 |    64 |   189 |   470 |   872 |  1512 |   354 ||  3539
Block: Buckler           |    29 |    18 |   106 |   161 |   442 |   936 |   385 ||  2077
       Orb               |       |       |       |       |       |       |    13 ||    13

Table legend: (Time is in decaauts)
 A = Elapsed time spent in this place.
 B = Non-inter-level travel time spent in this place.
 C = Inter-level travel time spent in this place.
 D = Time resting spent in this place.
 E = Time spent auto-exploring this place.
 F = Levels seen in this place.
 G = Mean time per level.
                   A        B        C        D        E       F      G
               +--------+--------+--------+--------+--------+-----+--------+
         Total |  39942 |  37495 |   2447 |   4161 |  20211 |  37 | 1079.5 |
       Dungeon |  16833 |  15334 |   1499 |   1639 |   8410 |  15 | 1122.2 |
        Temple |    123 |    117 |      6 |      0 |     58 |   1 |  123.0 |
          Lair |   6333 |   5883 |    450 |    184 |   3942 |   6 | 1055.5 |
        Shoals |     49 |     49 |      0 |      0 |      0 |   1 |   49.0 |
   Spider Nest |   5835 |   5608 |    227 |    956 |   2365 |   4 | 1458.8 |
  Orcish Mines |   2132 |   1944 |    188 |     99 |    942 |   2 | 1066.0 |
        Vaults |   7166 |   7093 |     73 |   1043 |   3990 |   4 | 1791.5 |
        Depths |      4 |      4 |      0 |      0 |      0 |   1 |    4.0 |
         Abyss |     62 |     62 |      0 |      0 |     42 |   1 |   62.0 |
        Bailey |    411 |    411 |      0 |    186 |     36 |   1 |  411.0 |
      Ice Cave |    991 |    991 |      0 |     52 |    425 |   1 |  991.0 |
               +--------+--------+--------+--------+--------+-----+--------+

Top non-repeatable levels by time:
Vaults:1: 2341 daAuts
Spider:3: 1966 daAuts
Vaults:3: 1869 daAuts
Vaults:2: 1762 daAuts
  Lair:6: 1670 daAuts
     D:9: 1552 daAuts
    D:13: 1529 daAuts
     D:6: 1498 daAuts
     D:1: 1465 daAuts
Spider:4: 1416 daAuts
   Orc:2: 1388 daAuts
     D:8: 1322 daAuts
Spider:1: 1235 daAuts
  Lair:4: 1234 daAuts
Spider:2: 1217 daAuts
